 Dungeon Crawl Stone Soup version 0.31-a0-210-gccc998df9b (webtiles) character file.

Game seed: 2163963609036428242

35 qw the Shooter (level 3, -2/28 (29) HPs)
             Began as a Minotaur Hexslinger on June 29, 2023.
             Slain by Robin
             ... wielding a +0 dagger
              (4 damage)
             ... on level 2 of the Dungeon.
             The game lasted 00:00:18 (934 turns).

qw the Shooter (Minotaur Hexslinger)                 Turns: 934, Time: 00:00:18

HP:   -2/28 (29)    AC:  6    Str: 12    XL:     3   Next: 17%
MP:   3/3           EV: 11    Int: 10    God:
Gold: 97            SH:  0    Dex: 14    Spells: 3/4 levels left

rFire   . . .        Y - +1 sling
rCold   . . .        (no shield)
rNeg    . . .        j - +0 ring mail
rPois   .            (helmet restricted)
rElec   .            (no cloak)
rCorr   .            h - +0 pair of gloves
SInv    .            (no boots)
Will    .....        (no amulet)
Stlth   +            (no ring)
HPRegen 0.24/turn    (no ring)
MPRegen 0.08/turn

%: no passive effects
@: lightly drained
A: horns 2, retaliatory headbutt
a: no special abilities


You were on level 2 of the Dungeon.
You visited 1 branch of the dungeon, and saw 2 of its levels.

You collected 97 gold pieces.


Innate Abilities, Weirdness & Mutations

You have a pair of horns on your head.
You reflexively headbutt those who attack you in melee.


   Skills:
 - Level 2.0 Fighting
 + Level 3.8 Ranged Weapons
 - Level 2.1 Dodging
 - Level 1.0 Spellcasting
 - Level 2.0 Hexes


You had 3 spell levels left.
You knew the following spells:

 Your Spells              Type           Power      Damage    Failure   Level
a - Slow                  Hex            16%        N/A       34%         1

Your spell library contained the following spells:

 Spells                   Type           Power      Damage    Failure   Level
 Inner Flame              Hex/Fire       2%         N/A       83%         3
 Portal Projectile        Hex/Tloc       4%         N/A       83%         3
 Cause Fear               Hex            2%         N/A       98%         4

Inventory:

Hand Weapons
 Y - a +1 sling (weapon)
Armour
 h - a +0 pair of gloves (worn)
 j - a +0 ring mail (worn)
Scrolls
 a - a scroll of identify
Potions
 f - a potion of curing
 g - a potion of mutation {unknown}

Dungeon Overview and Level Annotations

Branches:
Dungeon (2/15)

Altars:

Annotations:
D:2 Robin


Message History

The sling bullet barely misses the goblin.
The goblin hits you with a +0 club.
Robin roars a battlecry!
The goblins go into a battle-frenzy!
The goblin barely misses you.
You hear a shout! x2
You shoot a sling bullet.
The sling bullet hits the goblin but does no damage.
The goblin is severely wounded.
The goblin hits you but does no damage.
Robin roars a battlecry!
The goblin hits you with a +0 club. The goblin hits you but does no damage.
Robin throws the goblin at you!
You shoot a sling bullet.
The sling bullet closely misses the goblin.
The goblin hits you with a +0 club. x2
You shoot a sling bullet.
The sling bullet closely misses the goblin.
The goblin misses you. The goblin hits you but does no damage.
Robin hits you but does no damage. The goblin barely misses you.
You furiously retaliate!
You headbutt the goblin!
You kill the goblin!
You shoot a sling bullet.
The sling bullet hits Robin but does no damage.
Robin barely misses you. The goblin hits you with a +0 club.
A goblin comes into view. It is wielding a +0 club.
Robin hits you with a +0 dagger. The goblin hits you with a +0 club.
You shoot a sling bullet. The sling bullet hits Robin.
Robin is lightly wounded.
A goblin comes into view. It is wielding a +0 dagger.
Robin hits you but does no damage. The goblin barely misses you.
You shoot a sling bullet. The sling bullet hits Robin.
Robin is lightly wounded.
Robin throws the goblin at you! The goblin closely misses you. x2
A rat comes into view.
You shoot a sling bullet. The sling bullet hits Robin.
Robin is moderately wounded.
A goblin comes into view. It is wielding a +0 dagger.
Robin hits you with a +0 dagger.
You die...

#.##+####.
#.........
#........# .
#........# ...
........#
###..#######.......#
#...........<####
#.#..####gg.........
# #@########## #g#
g.ggg.gg$......
g.g####.#####.. r..
###


You could see Robin, 4 goblins and a rat.

Vanquished Creatures
  An adder (D:2)
  A dart slug (D:1)
  2 ball pythons (D:1)
  A bat (D:1)
  2 endoplasms (D:1)
  8 goblins
  3 hobgoblins (D:1)
  A kobold (D:1)
  A frilled lizard (D:1)
  A rat (D:1)
21 creatures vanquished.

Notes
Turn   | Place    | Note
-------+----------+-------------------------------------------
     0 | D:1      | qw the Minotaur Hexslinger began the quest for the Orb.
     0 | D:1      | Reached XP level 1. HP: 16/16 MP: 1/1
     0 | D:1      | 0 ||| qw: Version: 0.3-a-24-ga2abf7b
     0 | D:1      | 0 ||| qw: Game counter: 7031
     0 | D:1      | 0 ||| qw: Melee chars always use a shield: true
     0 | D:1      | 0 ||| qw: God list: Okawaru
     0 | D:1      | 0 ||| qw: Allow faded altars: false
     0 | D:1      | 0 ||| qw: Do Orc after clearing Dungeon:15 true
     0 | D:1      | 0 ||| qw: Do second Lair branch before Depths: true
     0 | D:1      | 0 ||| qw: Lair rune preference: random
     0 | D:1      | 0 ||| qw: Goals: Normal
     0 | D:1      | 0 ||| PLANNING D:1-11
   143 | D:1      | Reached skill level 3 in Ranged Weapons
   143 | D:1      | Reached XP level 2. HP: 23/23 MP: 2/2
   842 | D:1      | 842 ||| UPGRADING to +0 pair of gloves.
   847 | D:1      | 847 ||| UPGRADING to +0 ring mail.
   857 | D:1      | 857 ||| DROPPING +0 robe.
   858 | D:1      | 858 ||| READING 2 scrolls labelled FYNERU PIMNIUS.
   859 | D:1      | 859 ||| READING scroll labelled KEITOI QIPTI.
   860 | D:1      | 860 ||| READING scroll labelled KURAXK IBLANK.
   861 | D:1      | 861 ||| DRINKING 2 viscous emerald potions.
   862 | D:1      | 862 ||| DROPPING scroll of poison.
   904 | D:2      | Noticed Robin
   907 | D:2      | 907 ||| Stepping ~*~*~tactically~*~*~ (outnumbered).
   925 | D:2      | Reached XP level 3. HP: 21/28 MP: 3/3
   931 | D:2      | HP: 4/28 [Robin/+0 dagger (4)]
   931 | D:2      | HP: 1/28 [goblin/+0 club[Robin] (3)]
   934 | D:2      | Slain by Robin

Levels and vault maps discovered:
D:1:      dpeg_arrival_round_c, layout_loops_ring,
          wander_ebering_terrifying_dragon_lair
D:2:      layout_basic, basic_altar, minmay_surrounded, uniq_robin

Skill      XL: |  1  2 |
---------------+-------+-----
Ranged Weapons | 3 |  3.8
Fighting       | 2 |  2.0
Dodging        | |  2.1
Spellcasting   | |  1.0
Hexes          | |  2.0

Action                     || total
---------------------------++-------
   Fire: Sling             ||    75
    Use: Scroll            ||     3
         Potion            ||     1
 Armour: Ring mail         ||    17
         Robe              ||     6
  Dodge: Dodged            ||    35

Table legend:
 A = Non-vault XP
 B = Vault XP
 C = Vault XP percentage of total XP
 D = Non-vault monster count
 E = Vault monster count
 F = Vault count percentage of total count
                 A         B        C        D         E       F
            +---------+---------+-------+---------+---------+-------
      Total |      26 |      25 |  49.0 |      13 |       8 |  38.1
            +---------+---------+-------+---------+---------+-------
        D:1 |      26 |       1 |   3.7 |      13 |       1 |   7.1
        D:2 |       0 |      24 | 100.0 |       0 |       7 | 100.0
            +---------+---------+-------+---------+---------+-------
